 Dungeon Crawl Stone Soup version 0.25-a0-474-ga8a2ee3166 (webtiles) character file.

Game seed: 4289800390001009895, levelgen mode: deterministic

22064 LairdRich the Cleaver (level 12, -4/112 HPs)
             Began as a Minotaur Berserker on Feb 3, 2020.
             Was a High Priest of Trog.
             Slain by a seven-headed hydra (11 damage)
             ... on level 4 of the Lair of Beasts on Feb 7, 2020.
             The game lasted 00:53:10 (16893 turns).

LairdRich the Cleaver (Minotaur Berserker)         Turns: 16893, Time: 00:53:11

Health: -4/112     AC: 17    Str: 25    XL:     12   Next: 59%
Magic:  6/16       EV: 12    Int:  4    God:    Trog [*****.]
Gold:   631        SH:  2    Dex: 12    Spells: 11/11 levels left

rFire    . . .     SeeInvis +   b - +2 scimitar (flame)
rCold    . . .     Gourm    .   (no shield)
rNeg     . . .     Faith    .   p - +0 plate armour
rPois    .         Spirit   .   d - +0 hat
rElec    .         Reflect  +   q - +1 cloak
rCorr    .         Harm     .   (no gloves)
MR       .....                  (no boots)
Stlth    ..........             s - +2 amulet of reflection
HPRegen  0.28/turn              r - ring of see invisible
MPRegen  0.15/turn              (no ring)

@: no status effects
A: retaliatory headbutt, horns 2
a: Berserk, Trog's Hand, Brothers in Arms, Renounce Religion


You were on level 4 of the Lair of Beasts.
You worshipped Trog.
Trog was extremely pleased with you.
You were not hungry.

You visited 2 branches of the dungeon, and saw 15 of its levels.
You also visited: Sewer.

You collected 808 gold pieces.
You spent 177 gold pieces at shops.

Inventory:

Hand Weapons
 a - a +4 antimagic broad axe
 b - a +2 scimitar of flaming (weapon)
Missiles
 D - a javelin (quivered)
Armour
 d - a +0 hat (worn)
 p - a +0 plate armour (worn)
 q - a +1 cloak (worn)
Jewellery
 r - a ring of see invisible (left hand)
 s - a +2 amulet of reflection (around neck)
Wands
 i - a wand of flame (21)
 j - a wand of acid (6)
 k - a wand of scattershot (6)
 m - a wand of paralysis (19)
 u - a wand of clouds (2)
 v - a wand of enslavement (4)
 C - a wand of digging (7)
 F - a wand of iceblast (4)
Scrolls
 e - 11 scrolls of remove curse
 o - a scroll of identify
 w - a scroll of enchant weapon
 B - a scroll of magic mapping
 E - a scroll of enchant armour
Potions
 f - 4 potions of flight
 g - a potion of lignification
 h - a potion of magic
 l - a potion of agility
 n - 2 potions of haste
 t - a potion of resistance
 x - 2 potions of invisibility {unknown}
 z - 6 potions of curing
 H - a potion of berserk rage
Comestibles
 c - 29 rations
 A - a chunk of flesh


   Skills:
 + Level 11.8 Fighting
 - Level 6.1 Long Blades
 + Level 12.4 Axes
 + Level 11.8 Armour
 - Level 10.0 Dodging
 - Level 7.0 Evocations


You had 11 spell levels left.
You didn't know any spells.
Your spell library was empty.

Dungeon Overview and Level Annotations

Branches:
Dungeon (11/15)            Temple (0/1) D:6            Lair (4/6) D:10
  Snake (0/4) Lair:3          Orc (0/2) D:9           Sewer (visited)
  Swamp: Lair:2-4    Shoals: Lair:2-4

Altars:
Elyvilon
Vehumet
Xom

Shops:
D:4 *   D:5 (*

Annotations:
D:10 exclusion: downstairs
D:11 Josephine
Lair:1 3 runed translucent doors, exclusions: 3 doors and 2 oklob plants, FRZBLD's ghost, journeyman TrMo; night's ghost, journeyman OpVM


Innate Abilities, Weirdness & Mutations

You reflexively headbutt those who attack you in melee.
You have a pair of horns on your head.


Message History

The seven-headed hydra bites you but does no damage. x2
The seven-headed hydra bites you.
* * * LOW HITPOINT WARNING * * *
The seven-headed hydra bites you!
* * * LOW HITPOINT WARNING * * *
The seven-headed hydra bites you but does no damage.
The wolf barely misses you. You furiously retaliate!
You headbutt the wolf.
You riposte.
You hit the wolf but do no damage.
The wolf is moderately wounded.
Okay, then.
You feel better. The wolf bites you but does no damage.
The seven-headed hydra bites you!
* * * LOW HITPOINT WARNING * * *
The seven-headed hydra bites you.
* * * LOW HITPOINT WARNING * * *
The seven-headed hydra bites you.
* * * LOW HITPOINT WARNING * * *
The seven-headed hydra closely misses you.
The seven-headed hydra bites you!
You die...

.. ... .... ... #.#
#......#. ....
###.##........#
....##....##........
##...........+.......#
#......#......#......#
#............#.......#
#......#.....#......#.
#.....##..#.#.@....... #
#.....#.#...#hD.......
.##.....................
........................
........................
.....†÷.................
......(.................
##....................#.
##.#.................##


You could see a seven-headed hydra and a wolf.

Vanquished Creatures
  Gastronok (Lair:2)
  Erolcha (D:10)
  Erica (D:10)
  Pikel (D:9)
  Maurice (D:9)
  9 elephants
  2 black mambas
  Psyche (D:9)
  2 spiny frogs
  2 komodo dragons
  A troll (D:10)
  Prince Ribbit (D:5)
  10 blink frogs (Lair:3)
  7 hippogriffs
  19 yaks
  A basilisk (Lair:4)
  Grum (D:10)
  Menkaure (D:5)
  3 water moccasins
  4 porcupines
  Duvessa (D:7)
  2 orc warriors
  2 ice beasts
  A sky beast (D:8)
  A phantom (D:8)
  A slave (D:9)
  2 centaurs
  2 ogres (D:7)
  15 wolves
  7 crocodiles
  10 bullfrogs
  Dowan (D:7)
  A wyvern skeleton (D:7)
  3 scorpions
  3 killer bees (D:8)
  3 wights (D:6)
  An electric eel (D:10)
  2 howler monkeys
  3 crimson imps
  A quasit (D:8)
  A bullfrog zombie (D:6)
  9 hounds
  7 orc priests
  A bullfrog skeleton (D:5)
  2 centaur skeletons
  5 jellies (D:8)
  4 iguanas
  10 orc wizards
  2 hell rats (Lair:3)
  12 worker ants
  3 hound skeletons
  2 worker ant zombies
  3 gnolls (D:7)
  11 adders
  9 river rats (Lair:3)
  2 shadow imps
  12 white imps (Lair:3)
  6 oozes
  2 adder zombies
  6 worms
  A dart slug (D:2)
  5 leopard geckos
  21 orcs
  9 bats
  4 giant cockroaches
  4 goblins
  5 hobgoblins
  3 jackals (D:1)
  3 kobolds
  6 quokkas
  5 ball pythons (D:1)
  6 frilled lizards
  A leopard gecko skeleton (D:9)
  A leopard gecko zombie (D:6)
  A quokka zombie (D:5)
  8 rats
  A fungus (Lair:2)
  A plant (Lair:2)
325 creatures vanquished.

Vanquished Creatures (others)
  2 slaves (D:9)
  A gnoll (D:7)
  10 fungi (Lair:2)
  2 withered plants (Lair:1)
15 creatures vanquished.

Grand Total: 340 creatures vanquished

Notes
Turn   | Place    | Note
-------+----------+-------------------------------------------
     0 | D:1      | LairdRich the Minotaur Berserker began the quest for the
                  | Orb.
     0 | D:1      | Reached XP level 1. HP: 19/19 MP: 0/0
   200 | D:1      | Reached XP level 2. HP: 23/27 MP: 1/1
   385 | D:1      | Reached ** piety under Trog
   861 | D:2      | Reached skill level 4 in Axes
  1043 | D:2      | Reached XP level 3. HP: 32/33 MP: 2/2
  1493 | D:3      | Reached XP level 4. HP: 33/41 MP: 3/3
  2037 | D:3      | Reached XP level 5. HP: 40/47 MP: 4/4
  2514 | D:4      | Reached skill level 5 in Fighting
  2646 | D:4      | Found Roseluju's General Store.
  2654 | D:4      | Reached skill level 5 in Axes
  2663 | D:4      | Bought a potion of flight for 42 gold pieces
  2715 | D:4      | Found a radiant altar of Vehumet.
  2846 | D:5      | Entered Level 5 of the Dungeon
  2927 | D:5      | Found Vyabir's Weapon Boutique.
  2937 | D:5      | Reached XP level 6. HP: 56/56 MP: 5/5
  2989 | D:5      | Noticed Prince Ribbit
  3001 | D:5      | Killed Prince Ribbit
  3064 | D:5      | Reached skill level 5 in Armour
  3064 | D:5      | Reached XP level 7. HP: 61/62 MP: 6/6
  3105 | D:5      | Found a glowing drain.
  3140 | D:5      | Reached *** piety under Trog
  3151 | Sewer    | Entered a sewer
  3315 | D:5      | Found Qim Nuru's Assorted Antiques.
  3318 | D:5      | Bought a bronze ring for 135 gold pieces
  3338 | D:5      | Noticed Menkaure
  3349 | D:5      | Killed Menkaure
  3349 | D:5      | Reached skill level 6 in Axes
  3349 | D:5      | Reached skill level 5 in Dodging
  4441 | D:6      | Found a white marble altar of Elyvilon.
  4508 | D:6      | Reached XP level 8. HP: 71/71 MP: 7/7
  4594 | D:6      | Found a staircase to the Ecumenical Temple.
  4651 | D:6      | HP: 2/71 [orc warrior/+0 mace (12)]
  4654 | D:6      | Reached skill level 7 in Axes
  5853 | D:7      | Upgraded the game from 0.25-a0-458-g6fc7858b95 to
                  | 0.25-a0-474-ga8a2ee3166
  5917 | D:7      | Reached skill level 1 in Evocations
  6119 | D:7      | Reached **** piety under Trog
  6301 | D:7      | Reached XP level 9. HP: 81/81 MP: 9/9
  6563 | D:7      | Reached skill level 8 in Axes
  6752 | D:7      | Noticed Duvessa
  6753 | D:7      | Noticed Dowan
  6759 | D:7      | Killed Duvessa
  6766 | D:7      | Killed Dowan
  7571 | D:8      | Reached ***** piety under Trog
  7571 | D:8      | Received a gift from Trog
  7678 | D:8      | Found a shimmering altar of Xom.
  8295 | D:9      | Reached skill level 9 in Axes
  8303 | D:9      | Reached XP level 10. HP: 77/91 MP: 3/11
  8519 | D:9      | Noticed Maurice
  8528 | D:9      | You fall into a shaft and drop 2 floors!
  8541 | D:10     | Entered Level 10 of the Dungeon
  8561 | D:9      | Noticed Psyche
  8586 | D:9      | Noticed Pikel
  8606 | D:9      | Killed Pikel
  8621 | D:9      | Found a staircase to the Orcish Mines.
  8898 | D:9      | Killed Psyche
  8943 | D:9      | Killed Maurice
  9195 | D:10     | Noticed Grum
  9503 | D:10     | Killed Grum
  9632 | D:10     | Noticed Erica
  9957 | D:10     | Found a staircase to the Lair.
 10124 | D:10     | Reached skill level 5 in Evocations
 10141 | D:10     | Reached skill level 10 in Fighting
 10144 | D:10     | Reached skill level 10 in Axes
 10482 | D:10     | Noticed Erolcha
 10832 | D:10     | Killed Erolcha
 10832 | D:10     | Reached skill level 10 in Armour
 11039 | D:10     | Killed Erica
 11039 | D:10     | Reached XP level 11. HP: 91/99 MP: 4/13
 11310 | D:11     | Noticed Josephine
 11337 | Lair:1   | Entered Level 1 of the Lair of Beasts
 11542 | Lair:1   | Noticed an oklob plant
 11542 | Lair:1   | Noticed an oklob plant
 11596 | Lair:1   | Reached skill level 1 in Long Blades
 11994 | Lair:1   | Found a runed translucent gate.
 11994 | Lair:1   | Found a runed translucent gate.
 11994 | Lair:1   | Found a runed translucent gate.
 12000 | Lair:1   | Noticed night's ghost (journeyman OpVM)
 12000 | Lair:1   | Noticed FRZBLD's ghost (journeyman TrMo)
 12900 | Lair:2   | Reached skill level 10 in Dodging
 12907 | Lair:2   | Reached skill level 5 in Long Blades
 13499 | Lair:2   | Noticed Gastronok
 13546 | Lair:2   | Killed Gastronok
 13546 | Lair:2   | Reached skill level 11 in Axes
 14390 | Lair:2   | Reached XP level 12. HP: 54/108 MP: 5/15
 15492 | Lair:3   | Reached skill level 12 in Axes
 16242 | Lair:3   | Found a staircase to the Snake Pit.
 16880 | Lair:4   | Noticed a seven-headed hydra
 16887 | Lair:4   | Received a gift from Trog
 16893 | Lair:4   | Slain by a seven-headed hydra

Levels and vault maps discovered:
D:1:      onia_arrival_handbag, layout_loops_ring, kennysheep_decorative_pillar,
          hangedman_decor_riveting, nrook_loot_triangle
D:2:      layout_basic, first_ration
D:3:      layout_basic
D:4:      layout_cave_pools, serial_shops, shop, vehumet_altar_wand_db
D:5:      layout_loops_ring, serial_shops, shop_coins, kennysheep_mini_moat,
          cheibrodos_sewer_entry_bend, uniq_prince_ribbit1, uniq_menkaure
D:6:      layout_layer_cave, minmay_temple_entry_poolview, basic_altar,
          bh_walls_and_bars
D:7:      layout_basic, uniq_duvessa
D:8:      layout_loops_ring, xom_teletrap_fun, hangedman_little_slice_of_home,
          dk_vineyard_1, roderic_serpentine_path
D:9:      layout_layer_cave, orc_0_dummy, kennysheep_boxes, uniq_maurice,
          uniq_psyche, uniq_pikel
D:10:     layout_rooms, erik_lair_island, uniq_grum, uniq_erolcha, uniq_erica
D:11:     layout_roguey, minmay_holes, amethyst_killhole,
          minmay_sticks_and_stones, uniq_josephine
Lair:1:   layout_cave_pods, gammafunk_ghost_cemetery,
          chequers_serial_rivers_micro_e, lemuel_fruit_tree,
          minmay_lair_oklob_chamber
Lair:2:   layout_layer_cave, uniq_gastronok
Lair:3:   layout_regular_city, dummy_snake_entry, portal_ice_cave_entry_imps,
          kennysheep_rathole, serial_bayou_shore_b, infiniplex_staircase_pool_2,
          grunt_megastairs_4
Lair:4:   layout_regular_city, minmay_shoals_entry_beasts,
          minmay_lair_oklob_bushes

Skill      XL: |  1  2  3  4  5  6  7  8  9 10 11 12 |
---------------+-------------------------------------+-----
Fighting       | 4 5 6 7 9 10 11 | 11.8
Axes           | 4 5 6 7 9 10 11 12 | 12.4
Armour         | 3 4 5 6 7 8 10 11 | 11.8
Dodging        | 3 4 5 6 7 9 10 | 10.0
Evocations     | 1 3 5 6 7 |  7.0
Long Blades    | 6 |  6.1

Action                   |  1- 3 |  4- 6 |  7- 9 | 10-12 || total
-------------------------+-------+-------+-------+-------++-------
Melee: Hand axe          |    87 |   115 |   387 |       ||   589
       Headbutt          |    14 |    18 |    86 |   107 ||   225
       Broad axe         |       |       |    41 |   462 ||   503
       Scimitar          |       |       |       |     3 ||     3
Throw: Javelin           |       |       |    25 |     7 ||    32
Invok: Berserk           |       |     1 |     1 |       ||     2
       Trog's Hand       |       |       |     3 |     6 ||     9
Evoke: Wand              |       |       |       |     9 ||     9
  Use: Scroll            |       |    12 |     6 |    10 ||    28
       Potion            |       |       |     2 |     5 ||     7
  Eat: Chunk             |     2 |     9 |    16 |    15 ||    42
       Ration            |       |     2 |       |     4 ||     6
Armor: Ring mail         |     8 |       |       |       ||     8
       Chain mail        |    26 |    58 |    67 |       ||   151
       Plate armour      |       |       |   126 |   355 ||   481
Dodge: Dodged            |    40 |    54 |   179 |   332 ||   605
Block: Other             |       |       |    14 |    34 ||    48
       Reflection        |       |       |       |     1 ||     1
       Rpst.: Scimitar   |       |       |       |     2 ||     2

Table legend:
 A = Non-vault XP
 B = Vault XP
 C = Vault XP percentage of total XP
 D = Non-vault monster count
 E = Vault monster count
 F = Vault count percentage of total count
                 A         B        C        D         E       F
            +---------+---------+-------+---------+---------+-------
      Total |   21791 |    9730 |  30.9 |     247 |      75 |  23.3
            +---------+---------+-------+---------+---------+-------
        D:1 |      27 |       4 |  12.9 |      17 |       4 |  19.0
        D:2 |      46 |       0 |   0.0 |      12 |       0 |   0.0
        D:3 |     126 |       0 |   0.0 |      19 |       0 |   0.0
        D:4 |     146 |       1 |   0.7 |       6 |       1 |  14.3
        D:5 |     212 |     452 |  68.1 |      14 |       4 |  22.2
        D:6 |     980 |       0 |   0.0 |      28 |       0 |   0.0
        D:7 |    1269 |     223 |  14.9 |      30 |       2 |   6.2
        D:8 |    1483 |     164 |  10.0 |      31 |       8 |  20.5
        D:9 |     679 |    2154 |  76.0 |      11 |      10 |  47.6
       D:10 |     869 |    2719 |  75.8 |      10 |       9 |  47.4
       D:11 |      85 |       0 |   0.0 |       2 |       0 |   0.0
     Lair:1 |    2102 |       0 |   0.0 |       9 |       0 |   0.0
     Lair:2 |    6006 |    2297 |  27.7 |      21 |       1 |   4.5
     Lair:3 |    6239 |    1600 |  20.4 |      28 |      30 |  51.7
     Lair:4 |    1522 |       0 |   0.0 |       9 |       0 |   0.0
      Sewer |       0 |     116 | 100.0 |       0 |       6 | 100.0
            +---------+---------+-------+---------+---------+-------
